 Dungeon Crawl Stone Soup version 0.25.0-11-g1f837a76a1 (webtiles) character file.

Game seed: 832450905617407014

219 nikku the Conjurer (level 5, 0/28 HPs)
             Began as a Deep Elf Conjurer on June 27, 2020.
             Slain by an iguana (13 damage)
             ... on level 4 of the Dungeon.
             The game lasted 00:13:18 (3407 turns).

nikku the Conjurer (Deep Elf Conjurer)              Turns: 3407, Time: 00:13:18

Health: 0/28       AC:  3    Str:  5    XL:     5   Next: 63%
Magic:  11/15      EV: 13    Int: 21    God:
Gold:   137        SH:  0    Dex: 15    Spells: 13/16 levels left

rFire    . . .     SeeInvis +   a - +0 falchion
rCold    . . .     Gourm    .   (no shield)
rNeg     . . .     Faith    .   l - +0 robe
rPois    .         Spirit   .   (no helmet)
rElec    .         Reflect  .   b - +0 cloak
rCorr    .         Harm     .   (no gloves)
MR       .....                  (no boots)
Stlth    ++........             (no amulet)
HPRegen  0.09/turn              i - ring of see invisible
MPRegen  0.14/turn              (no ring)

@: no status effects
A: no striking features
a: no special abilities


You were on level 4 of the Dungeon.
You were not hungry.

You visited 1 branch of the dungeon, and saw 4 of its levels.

You collected 137 gold pieces.

Inventory:

Hand Weapons
 a - a +0 falchion (weapon)
Missiles
 p - 8 poisoned darts (quivered)
Armour
 b - a +0 cloak (worn)
 l - a +0 robe (worn)
Jewellery
 i - a ring of see invisible (left hand)
Scrolls
 h - a scroll of fog
Potions
 d - 2 potions of mutation
 e - a potion of might
 g - a potion of haste
 j - a potion of resistance
 k - 2 potions of curing
 n - a potion of invisibility {unknown}
 q - a potion of flight {unknown}
 r - a potion of heal wounds {unknown}
Comestibles
 c - 6 rations
 f - 3 chunks of flesh


   Skills:
 - Level 2.4 Dodging
 - Level 2.4 Stealth
 + Level 6.0 Spellcasting
 + Level 6.2 Conjurations


You had 13 spell levels left.
You knew the following spells:

 Your Spells              Type           Power        Failure   Level  Hunger
a - Magic Dart            Conj           ####         1%          1    None
b - Searing Ray           Conj           ####..       1%          2    None

Your spell library contained the following spells:

 Spells                   Type           Power        Failure   Level  Hunger
 Dazzling Flash           Conj/Hex       ###...       9%          3    ##.....
 Fulminant Prism          Conj/Hex       ###.......   26%         4    ####...
 Iskenderun's Mystic Bla  Conj/Tloc      ###.....     26%         4    ####...


Dungeon Overview and Level Annotations

Branches:
Dungeon (4/15)
 Temple: D:4-7

Altars:
Cheibriados
Fedhas
Hepliaklqana
Kikubaaqudgha
Okawaru
Xom
The Shining One


Message History

Found 22 arrows.
There is a stone staircase leading up here.
Casting: Searing Ray (safe; 1% risk of failure)
Confirm with . or Enter, or press ? or * to list all spells.
Aiming: Searing Ray (safe; 1% risk of failure)
Press: ? - help, Shift-Dir - straight line, f - iguana
Aim: an iguana (asleep)
The searing ray hits the iguana.
The iguana is lightly wounded.
The iguana hisses angrily. (Press . to maintain the ray.)
The searing ray hits the iguana!
The iguana is severely wounded.
The iguana bites you!
Ouch! That really hurt!
The searing ray hits the iguana.
The iguana is severely wounded.
The iguana barely misses you. The iguana bites you!
You die...

......##
.......##
#......(##
#.........
#.........
#.........
##.a....#
#^l@..#
#....##
#....##
#.....#
......##
.......
#######


You could see an iguana and a worker ant.

Vanquished Creatures
  A centaur zombie (D:2)
  3 orc priests
  An ooze (D:3)
  2 worms (D:2)
  2 dart slugs
  3 leopard geckos (D:2)
  9 orcs
  3 giant cockroaches
  9 goblins
  2 hobgoblins (D:2)
  7 jackals
  6 kobolds
  A ball python (D:2)
  11 bats
  8 frilled lizards
  7 rats
75 creatures vanquished.

Vanquished Creatures (others)
  A human (D:2)
1 creature vanquished.

Grand Total: 76 creatures vanquished

Notes
Turn   | Place    | Note
-------+----------+-------------------------------------------
     0 | D:1      | nikku the Deep Elf Conjurer began the quest for the Orb.
     0 | D:1      | Reached XP level 1. HP: 10/10 MP: 6/6
   379 | D:1      | Reached XP level 2. HP: 15/15 MP: 5/8
  1192 | D:1      | Learned a level 2 spell: Searing Ray
  1226 | D:2      | Found an iron altar of Okawaru.
  1339 | D:2      | Reached skill level 5 in Conjurations
  1339 | D:2      | Reached XP level 3. HP: 19/19 MP: 4/10
  1533 | D:2      | Reached XP level 4. HP: 24/24 MP: 3/12
  1704 | D:2      | Reached skill level 5 in Spellcasting
  2226 | D:2      | Found an ancient bone altar of Kikubaaqudgha.
  2227 | D:2      | Noticed a human
  2229 | D:2      | Killed a human
  2412 | D:3      | Reached XP level 5. HP: 28/28 MP: 9/15
  2655 | D:3      | Found a snail-covered altar of Cheibriados.
  2658 | D:3      | Found a hazy altar of Hepliaklqana.
  2658 | D:3      | Found a shimmering altar of Xom.
  2703 | D:3      | Found a glowing golden altar of the Shining One.
  2992 | D:3      | Found a blossoming altar of Fedhas.
  3407 | D:4      | Slain by an iguana

Illustrated notes

Levels and vault maps discovered:
D:1:      dpeg_arrival_refuge, layout_basic
D:2:      layout_basic, nicolae_overflow_hidden_temple, first_ration,
          st_stairs_13, tgw_kikubaaqudgha
D:3:      layout_loops_ring, nicolae_overflow_quartered_altars, fedhas_altar_1
D:4:      layout_layer_cave, nicolae_overflow_crystal_walls,
          minmay_temple_entry_sparse_star

Skill      XL: |  1  2  3  4  5 |
---------------+----------------+-----
Spellcasting   | 4 5 6 |  6.0
Conjurations   | 5 6 |  6.2
Dodging        | |  2.4
Stealth        | |  2.4

Action                   |  1- 3 |  4- 6 || total
-------------------------+-------+-------++-------
 Cast: Magic Dart        |    53 |    53 ||   106
       Searing Ray       |     5 |    10 ||    15
  Use: Scroll            |     7 |     6 ||    13
  Eat: Chunk             |     2 |     5 ||     7
Armor: Robe              |     2 |     3 ||     5
Dodge: Dodged            |     5 |    11 ||    16
       Rpst.: Falchion   |       |     4 ||     4
